 Dungeon Crawl Stone Soup version 0.27-a0-1312-g5cdb2b3542 (webtiles) character file.

Game seed: 10544261564892549316

22341 Demosthentine the Spear-Bearer (level 12, -5/108 HPs)
             Began as a Merfolk Gladiator on June 21, 2021.
             Was a Priest of the Shining One.
             Slain by a cyclops (20 damage)
             ... on level 14 of the Dungeon.
             The game lasted 00:17:20 (14337 turns).

Demosthentine the Spear-Bearer (Merfolk Gladiator) Turns: 14337, Time: 00:17:21

Health: -5/108     AC: 11    Str: 17    XL:     12   Next: 99%
Magic:  17/17      EV: 20    Int: 13    God:    the Shining One [***...]
Gold:   2154       SH:  0    Dex: 18    Spells: 11/11 levels left

rFire    . . .     SeeInvis .   s - +1 trident (venom)
rCold    . . .     Faith    .   (no shield)
rNeg     + . .     Spirit   .   B - +0 troll leather armour
rPois    .         Reflect  .   c - +0 helmet
rElec    .         Harm     .   o - +0 cloak
rCorr    .         Rampage  .   k - +1 pair of gloves
Will     .....                  b - +0 pair of boots
Stlth    +.........             q - amulet of the acrobat
HPRegen  1.28/turn              n - +6 ring of intelligence
MPRegen  0.15/turn              (no ring)

@: glowing, studying Fighting
A: (nimble swimmer 2), mertail
a: Renounce Religion, Divine Shield


You were on level 14 of the Dungeon.
You worshipped the Shining One.
The Shining One was most pleased with you.
You visited 2 branches of the dungeon, and saw 14 of its levels.
You also visited: Sewer and Ossuary.

You collected 2198 gold pieces.
You spent 44 gold pieces at shops.

Inventory:

Hand Weapons
 j - a +0 trident of freezing
 s - a +1 trident of venom (weapon)
Missiles
 d - 2 throwing nets (quivered)
 v - 5 curare-tipped darts
Armour
 b - a +0 pair of boots (worn)
 c - a +0 helmet (worn)
 k - a +1 pair of gloves (worn)
 o - a +0 cloak (worn)
 B - a +0 troll leather armour (worn)
 C - a +2 leather armour of poison resistance
 F - a +0 buckler
Jewellery
 n - a +6 ring of intelligence (left hand)
 q - an amulet of the acrobat (around neck)
Wands
 t - a wand of polymorph (28)
 D - a wand of mindburst (13)
 E - a wand of iceblast (9)
 G - a wand of paralysis (17)
Scrolls
 a - 7 scrolls of identify
 g - 8 scrolls of amnesia
 h - a scroll of blinking
 r - 4 scrolls of teleportation
 x - a scroll of fog
 y - 4 scrolls of magic mapping
 A - 3 scrolls of enchant armour
Potions
 e - 4 potions of curing
 f - 2 potions of lignification
 i - 4 potions of haste
 l - 4 potions of mutation
 m - a potion of brilliance
 p - 2 potions of ambrosia
 u - a potion of cancellation


   Skills:
 + Level 14.5 Fighting
 + Level 14.9 Polearms
 - Level 2.0 Throwing
 - Level 6.2 Armour
 + Level 13.7 Dodging
 + Level 3.5 Shields
 + Level 7.2 Invocations


You had 11 spell levels left.
You didn't know any spells.
Your spell library contained the following spells:

 Spells                   Type           Power      Damage    Failure   Level
 Animate Skeleton         Necr           0%         N/A       36%         1
 Apportation              Tloc           0%         N/A       36%         1
 Corona                   Hex            0%         N/A       36%         1
 Freeze                   Ice            0%         1d3       36%         1
 Shock                    Conj/Air       0%         1d3       36%         1
 Summon Small Mammal      Summ           0%         N/A       36%         1
 Static Discharge         Conj/Air       0%         N/A       50%         2
 Confusing Touch          Hex            0%         N/A       73%         3
 Frozen Ramparts          Ice            0%         1d2       73%         3
 Gell's Gravitas          Tloc           0%         N/A       73%         3
 Ozocubu's Armour         Ice            0%         N/A       73%         3
 Swiftness                Air            0%         N/A       73%         3
 Airstrike                Air            0%         N/A       98%         4
 Hailstorm                Conj/Ice       0%         3d3       98%         4
 Petrify                  Tmut/Erth      0%         N/A       98%         4
 Lightning Bolt           Conj/Air       0%         1d11      100%        5
 Metabolic Englaciation   Hex/Ice        0%         N/A       100%        5
 Yara's Violent Unravell  Hex/Tmut       0%         3d3       100%        5


Dungeon Overview and Level Annotations

Branches:
Dungeon (12/15)            Temple (1/1) D:7            Lair (0/6) D:10
    Orc (0/2) D:11          Sewer (visited)         Ossuary (visited)

Altars:
Ashenzari
Cheibriados
Dithmenos
Elyvilon
Fedhas
Gozag
Hepliaklqana
Kikubaaqudgha
Makhleb
Nemelex Xobeh
Okawaru
Qazlal
Ru
Sif Muna
Trog
Uskayaw
Vehumet
Wu Jian
Xom
Yredelemnul
Zin
The Shining One

Shops:
D:4 ?   D:6 [


Innate Abilities, Weirdness & Mutations

((You are quick and stealthy near water. (Stealth+, EV+, Speed+++)))
Your lower body shifts to a powerful aquatic tail in water.


Message History

The centaur hits you but does no damage.
The centaur barely misses you.
You hit the centaur.
The centaur looks as sick as possible!
The centaur is almost dead.
You kill the centaur!
Reach: s) +1 trident (venom)
Press: ? - help, Dir - move target, f - cyclops
Aim: a cyclops, quivering large rocks (haloed, about 3% to evade your +1 trident of venom)
You reach to attack!
You hit the cyclops but do no damage.
The cyclops is poisoned.
Unknown command.
Reach: s) +1 trident (venom)
Press: ? - help, Dir - move target, f/p - cyclops
Aim: a cyclops, quivering large rocks (very poisoned, haloed, about 3% to evade your +1 trident of venom)
You reach to attack!
You hit the cyclops.
The cyclops looks as sick as possible!
The cyclops is lightly wounded.
You hit the cyclops.
The cyclops looks as sick as possible!
The cyclops is lightly wounded.
A tengu conjurer comes into view.
You hit the cyclops but do no damage.
The cyclops is lightly wounded.
The cyclops hits you.
* * * LOW HITPOINT WARNING * * *
You puncture the cyclops!
The cyclops is heavily wounded.
You hit the cyclops.
The cyclops is severely wounded.
The tengu conjurer casts a spell.
The tengu conjurer conjures a globe of magical energy!
A battlesphere comes into view.
You hit the cyclops but do no damage.
The cyclops looks as sick as possible!
The cyclops is severely wounded.
The cyclops hits you!!
* * * LOW HITPOINT WARNING * * *
You feel better.
You hit the cyclops.
The cyclops looks as sick as possible!
The cyclops is almost dead.
The cyclops hits you!!
You die...

###+###### #........#
###........#######
#)................
#†#..(.....#####..
#.#.D......# #..
#.###'##########..
#@# #.............
####C###.............
....>................
...................##
.....Q..!..#########
......*....# #..
............# ......
.............# ......
..c####....# ......


You could see a cyclops (extremely poisoned), a tengu conjurer and a
battlesphere.

Vanquished Creatures
  Azrael (D:11)
  A centaur warrior (D:14)
  A boulder beetle (D:11)
  5 two-headed ogres
  The ghost of Sobieck the Nimble, a novice SpBe of Trog (D:10)
  Pikel (D:7)
  3 cyclopes (D:11)
  2 manticores
  The ghost of atabob the Grasshopper, a novice GnWr of Cheibriados (D:5)
  An unseen horror (D:11)
  A gargoyle (D:10)
  A freezing wraith (D:11)
  A komodo dragon (D:10)
  A troll (D:9)
  5 slime creatures
  A hornet (D:11)
  A yak (shapeshifter) (D:12)
  2 fire elementals
  33 yaks
  A vampire (D:10)
  2 wraiths
  A basilisk (D:11)
  Menkaure (D:7)
  Duvessa (D:7)
  4 hell hounds (D:11)
  4 orc warriors
  A black bear (D:7)
  2 ice beasts
  A hornet zombie (D:8)
  2 necrophages (D:7)
  Purgy (Sewer)
  A sky beast (D:5)
  6 ogres
  2 lemures (D:7)
  6 centaurs
  A phantom (D:5)
  3 kobold brigands
  4 gnoll sergeants
  A bullfrog (D:7)
  A wyvern zombie (D:7)
  Dowan (D:7)
  14 killer bees
  3 howler monkeys
  4 centaur zombies
  2 orc priests
  2 centaur skeletons
  A hound (D:3)
  A jelly (D:5)
  Crazy Yiuf (D:3)
  3 gnoll shamans
  Jessica (D:3)
  3 iguanas
  11 orc wizards
  A hound skeleton (D:2)
  5 mummies (Ossuary)
  28 gnolls
  3 adders
  A river rat (D:6)
  A white imp (D:8)
  An adder zombie (D:5)
  3 dart slugs (D:1)
  63 orcs
  11 bats
  5 endoplasms
  6 giant cockroaches
  5 goblins
  7 hobgoblins
  12 jackals (D:3)
  6 quokkas
  8 ball pythons
  4 frilled lizards
  4 hobgoblin zombies (Ossuary)
  20 kobolds
  5 rats
355 creatures vanquished.

Vanquished Creatures (others)
  A hydra (D:14)
  9 plants
10 creatures vanquished.

Grand Total: 365 creatures vanquished

Notes
Turn   | Place    | Note
-------+----------+-------------------------------------------
     0 | D:1      | Demosthentine the Merfolk Gladiator began the quest for the
                  | Orb.
     0 | D:1      | Reached XP level 1. HP: 16/16 MP: 1/1
   268 | D:1      | Reached XP level 2. HP: 23/23 MP: 2/2
   476 | D:1      | Found a faded altar of an unknown god.
   632 | D:1      | Reached XP level 3. HP: 24/28 MP: 3/3
  1209 | D:2      | Reached skill level 5 in Polearms
  1385 | D:2      | Reached skill level 1 in Armour
  1421 | D:2      | Reached XP level 4. HP: 34/34 MP: 4/4
  1928 | D:2      | You fall into a shaft and drop 2 floors!
  1930 | D:4      | Noticed an ogre
  1938 | D:4      | Killed an ogre
  1939 | D:4      | Reached skill level 5 in Dodging
  1939 | D:4      | Reached XP level 5. HP: 41/41 MP: 5/5
  1982 | D:4      | Found Yphut's Magic Scroll Emporium.
  2540 | D:3      | Reached XP level 6. HP: 48/48 MP: 6/6
  2723 | D:3      | Noticed Jessica
  2744 | D:3      | Killed Jessica
  3051 | D:3      | Reached XP level 7. HP: 55/55 MP: 7/7
  4299 | D:3      | Found a runed translucent door.
  4300 | D:3      | Noticed Crazy Yiuf
  4307 | D:3      | Killed Crazy Yiuf
  4793 | D:4      | Bought a scroll of identify for 22 gold pieces
  4793 | D:4      | Bought a scroll of identify for 22 gold pieces
  4920 | D:5      | Entered Level 5 of the Dungeon
  4927 | D:5      | Found a sand-covered staircase.
  4958 | D:5      | Reached skill level 5 in Fighting
  4971 | Ossuary  | Entered an ossuary
  5004 | Ossuary  | Reached XP level 8. HP: 14/62 MP: 8/8
  5905 | D:5      | Found a transporter.
  5914 | D:5      | Noticed atabob's ghost (novice GnWr)
  6032 | D:5      | Found a transporter.
  6468 | D:5      | Paralysed by a gnoll for 7 turns
  6469 | D:5      | Reached XP level 9. HP: 24/70 MP: 9/9
  6505 | D:5      | Killed atabob's ghost
  7137 | D:6      | Reached skill level 10 in Polearms
  7242 | D:6      | Found Atuipal's Armour Shoppe.
  7512 | D:6      | Found a glowing drain.
  7516 | Sewer    | Entered a sewer
  7547 | Sewer    | Noticed Purgy
  7556 | Sewer    | Killed Purgy
  8087 | D:7      | Reached skill level 5 in Armour
  8108 | D:7      | Noticed a two-headed ogre
  8127 | D:7      | Killed a two-headed ogre
  8128 | D:7      | Reached skill level 10 in Dodging
  8128 | D:7      | Reached XP level 10. HP: 83/83 MP: 10/10
  8229 | D:7      | Noticed Pikel
  8274 | D:7      | Killed Pikel
  8493 | D:7      | Noticed Menkaure
  8515 | D:7      | Killed Menkaure
  8523 | D:7      | Found a staircase to the Ecumenical Temple.
  8539 | Temple   | Entered the Ecumenical Temple
  9023 | Temple   | Became a worshipper of Elyvilon the Healer
  9131 | D:7      | Noticed Duvessa
  9132 | D:7      | Noticed Dowan
  9144 | D:7      | Killed Duvessa
  9157 | D:7      | Reached skill level 10 in Fighting
  9166 | D:7      | Killed Dowan
  9773 | D:8      | Found a basalt altar of Yredelemnul.
  9776 | D:8      | Reached * piety under Elyvilon
 11222 | D:9      | Reached XP level 11. HP: 77/93 MP: 11/11
 11343 | D:9      | Reached ** piety under Elyvilon
 11547 | D:9      | Reached skill level 1 in Invocations
 12089 | D:9      | Identified 2 scrolls of acquirement
 12089 | D:9      | Acquired 835 gold pieces
 12091 | D:9      | Acquired 585 gold pieces
 12126 | D:10     | Entered Level 10 of the Dungeon
 12146 | D:10     | Noticed a two-headed ogre
 12157 | D:10     | Killed a two-headed ogre
 12189 | D:10     | Found a staircase to the Lair.
 12215 | D:10     | Reached *** piety under Elyvilon
 12746 | Temple   | Fell from the grace of Elyvilon
 12746 | Temple   | Became a worshipper of the Shining One
 12746 | Temple   | Reached * piety under the Shining One
 13078 | D:10     | Found a transporter.
 13081 | D:10     | Noticed a two-headed ogre
 13081 | D:10     | Noticed a two-headed ogre
 13081 | D:10     | Noticed Sobieck's ghost (novice SpBe)
 13082 | D:10     | Found a transporter.
 13082 | D:10     | Noticed a two-headed ogre
 13083 | D:10     | Reached ** piety under the Shining One
 13095 | D:10     | Killed a two-headed ogre
 13099 | D:10     | Killed a two-headed ogre
 13100 | D:10     | Reached skill level 5 in Invocations
 13100 | D:10     | Reached XP level 12. HP: 105/105 MP: 15/15
 13108 | D:10     | Killed a two-headed ogre
 13113 | D:10     | Killed Sobieck's ghost
 13460 | D:11     | Found a staircase to the Orcish Mines.
 13469 | D:11     | Noticed a boulder beetle
 13487 | D:11     | Killed a boulder beetle
 13527 | D:11     | Reached skill level 1 in Shields
 13586 | D:11     | Paralysed by a hornet for 3 turns
 13860 | D:12     | Noticed Azrael
 13889 | D:11     | Killed Azrael
 14246 | D:12     | You fall into a shaft and drop 2 floors!
 14281 | D:14     | Noticed a six-headed hydra
 14281 | D:14     | Noticed a centaur warrior
 14281 | D:14     | Reached *** piety under the Shining One
 14295 | D:14     | Killed a six-headed hydra
 14315 | D:14     | Killed a centaur warrior
 14337 | D:14     | Slain by a cyclops

Illustrated notes

Levels and vault maps discovered:
D:1:      lightli_arrival_statue_moat, layout_loops_ring,
          shapermc_ecumenical_altar_mp_urbaneastern, hangedman_decor_points,
          chequers_garden, grunt_decor_fettered
D:2:      layout_basic, minivault_23
D:3:      lemuel_castle_with_subvaults [lemuel_castle_interior_carwin_1],
          layout_loops_cross, uniq_jessica, uniq_crazy_yiuf_cottage
D:4:      layout_cave_pools, serial_shops, shop
D:5:      layout_basic, nicolae_ossuary_entry_ruins,
          gammafunk_ghost_gnarly_gnolls
D:6:      layout_loops_ring, serial_shops, shop, gup_sewer_entry_spiral
D:7:      layout_basic, minmay_temple_entry_butterflies, serial_park_tiny_1,
          uniq_pikel, uniq_menkaure, uniq_duvessa
D:8:      layout_basic, yredelemnul_altar_generic
D:9:      layout_gridville
D:10:     layout_loops_cross, dpeg_oklobed_lair, gammafunk_ghost_smash
D:11:     layout_irregular_city, orc_0_dummy
D:12:     layout_stronghold, uniq_azrael
D:14:     layout_basic, minmay_misc_feat_iff
Temple:   roderic_octagonal_lattice_temple

Skill      XL: |  1  2  3  4  5  6  7  8  9 10 11 12 |
---------------+-------------------------------------+-----
Polearms       | 5 6 7 9 11 12 13 14 | 14.9
Armour         | 1 2 3 4 5 6 |  6.2
Fighting       | 3 4 5 6 9 11 13 14 | 14.5
Dodging        | 5 6 8 10 11 12 13 | 13.7
Invocations    | 5 7 |  7.2
Shields        | 3 |  3.5
Throwing       | |  2.0

Action                   |  1- 3 |  4- 6 |  7- 9 | 10-12 || total
-------------------------+-------+-------+-------+-------++-------
Melee: Trident           |   122 |   204 |   555 |   868 ||  1749
       Tailslap          |       |     6 |     6 |       ||    12
Throw: Throwing net      |       |     2 |     1 |       ||     3
  Use: Scroll            |     3 |     2 |    13 |     4 ||    22
       Potion            |       |       |     6 |     6 ||    12
 Stab: Sleeping          |     1 |     3 |     3 |     5 ||    12
       Held in net/web   |       |     1 |       |       ||     1
       Distracted        |       |       |     1 |       ||     1
Armor: Leather armour    |    25 |    34 |    93 |    37 ||   189
       Skin              |       |       |    45 |       ||    45
       Troll leather arm |       |       |       |   101 ||   101
Dodge: Dodged            |    62 |   119 |   249 |   492 ||   922

Table legend: (Time is in decaauts)
 A = Elapsed time spent in this place.
 B = Non-inter-level travel time spent in this place.
 C = Inter-level travel time spent in this place.
 D = Time resting spent in this place.
 E = Time spent auto-exploring this place.
 F = Levels seen in this place.
 G = Mean time per level.
                   A        B        C        D        E       F      G
               +--------+--------+--------+--------+--------+-----+--------+
         Total |  13944 |  13441 |    503 |    315 |  10034 |  16 |  871.5 |
       Dungeon |  12796 |  12327 |    469 |    284 |   9091 |  13 |  984.3 |
        Temple |    544 |    510 |     34 |      0 |    479 |   1 |  544.0 |
         Sewer |     97 |     97 |      0 |      0 |     71 |   1 |   97.0 |
       Ossuary |    506 |    506 |      0 |     31 |    392 |   1 |  506.0 |
               +--------+--------+--------+--------+--------+-----+--------+

Top non-repeatable levels by time:
     D:3: 1756 daAuts
     D:5: 1365 daAuts
     D:2: 1333 daAuts
     D:8: 1288 daAuts
     D:1: 1166 daAuts
     D:9: 1105 daAuts
     D:7: 1095 daAuts
     D:6: 1075 daAuts
    D:10: 867 daAuts
    D:11: 850 daAuts
     D:4: 624 daAuts
  Temple: 544 daAuts
 Ossuary: 506 daAuts
    D:12: 191 daAuts
   Sewer: 97 daAuts
